 Dungeon Crawl Stone Soup version 0.24-a0-630-g0d56a85 (webtiles) character file.

Game seed: 15640207120297387588, levelgen mode: deterministic

161 BoppinsLewinski the Twirler (level 5, -1/41 HPs)
             Began as a Human Gladiator on Sept 19, 2019.
             Slain by Sigmund
             ... wielding a +2 scythe of slicing
              (2 damage)
             ... on level 3 of the Dungeon.
             The game lasted 00:04:17 (2122 turns).

BoppinsLewinski the Twirler (Human Gladiator)       Turns: 2122, Time: 00:04:18

Health: -1/41      AC: 10    Str: 12 (15) XL:     5   Next: 70%
Magic:  5/5        EV: 12    Int:  8 (9)  God:
Gold:   80         SH:  0    Dex: 13 (14) Spells: 4/4 levels left

rFire    + . .     SeeInvis .   a - +0 quarterstaff
rCold    . . .     Gourm    .   (shield currently unavailable)
rNeg     . . .     Faith    .   m - +0 ring mail
rPois    .         Spirit   .   t - +2 hat
rElec    .         Reflect  .   k - +0 cloak
rCorr    .         Harm     .   s - +1 pair of gloves
MR       .....                  (no boots)
Stlth    +.........             (no amulet)
HPRegen  0.13/turn              j - ring of protection from fire
MPRegen  0.09/turn              (no ring)

@: invisible
A: no striking features
a: no special abilities


You were on level 3 of the Dungeon.
You were not hungry.

You visited 1 branch of the dungeon, and saw 3 of its levels.

You collected 80 gold pieces.

Inventory:

Hand Weapons
 a - a +0 quarterstaff (weapon)
Missiles
 d - 2 throwing nets (quivered)
Armour
 k - a +0 cloak (worn)
 m - a +0 ring mail (worn)
 n - a +0 helmet
 s - a +1 pair of gloves (worn)
 t - a +2 hat (worn)
 u - a +0 plate armour
Jewellery
 j - a ring of protection from fire (left hand)
 q - an uncursed ring of positive energy {unknown}
 v - a cursed amulet of inaccuracy {unknown}
Scrolls
 c - a scroll of amnesia {unknown}
 e - 2 scrolls of blinking {unknown}
 g - a scroll of enchant weapon {unknown}
 h - a scroll of remove curse {unknown}
 o - a scroll of identify {unknown}
 p - 2 scrolls of teleportation {unknown}
Potions
 l - a potion of might {unknown}
Comestibles
 f - 3 rations


   Skills:
 + Level 3.0 Fighting
 * Level 4.4 Staves
 - Level 2.0 Throwing
 + Level 2.0 Armour
 + Level 3.7 Dodging


You had 4 spell levels left.
You didn't know any spells.
Your spell library was empty.

Dungeon Overview and Level Annotations

Branches:
Dungeon (3/15)

Altars:

Annotations:
D:3 Sigmund


Message History

A magic dart appears from outta thin air!
Tha magic dart hits ye.
Ye swin' at nuthin'.
Somethin' hits ye.
Ye swin' at nuthin'.
Somethin' hits ye.
Ye swin' at nuthin'.
Somethin' hits ye but does nay damage.
Ye swin' at nuthin'.
Ye swin' at nuthin'.
Somethin' hits ye.
* * * LOW HITPOINT WARNIN' * * * x2
Ye swin' at nuthin'.
Somethin' hits ye.
* * * LOW HITPOINT WARNIN' * * * x2
Ye swin' at nuthin'.
It was a potion o' degeneration.
Thar was somethin' very wrong wit tha liquid.
Ye feel weaken'd.
Ye feel dopey.
Ye feel clumsy.
Somethin' hits ye.
* * * LOW HITPOINT WARNIN' * * * x2
It was a potion o' invisibility.
Ye fade inta invisibility!
Somethin' hits ye.
Ye die...

##.###.## #.##...###
+###....#...# ......#...#.#
.##########.# ### ..##
###.# .. ...## ##.#.# .#
#.#
....####....########.#.$..#
....'...........@..)†......
..†.####..###.#.####......#
...## ##.# #.#.# .##.#.#
..## #.###.#.# .# # .##
#.....#.# .. ## #.......#
.# # ####.#### .# # #.# .#
## #.#


There were no monsters in sight!

Vanquished Creatures
  Terence (D:2)
  An iguana (D:2)
  2 adders
  4 worms
  4 dart slugs
  A ball python (D:1)
  3 giant cockroaches
  10 hobgoblins
  4 jackals (D:1)
  2 quokkas (D:2)
  11 bats
  5 frilled lizards
  10 goblins
  9 kobolds
  5 rats
72 creatures vanquished.

Notes
Turn   | Place    | Note
-------+----------+-------------------------------------------
     0 | D:1      | BoppinsLewinski the Human Gladiator began the quest for the
                  | Orb.
     0 | D:1      | Reached XP level 1. HP: 16/16 MP: 1/1
   135 | D:1      | Reached XP level 2. HP: 13/22 MP: 2/2
   678 | D:1      | Reached XP level 3. HP: 22/27 MP: 3/3
  1053 | D:1      | Reached skill level 1 in Armour
  1069 | D:2      | Reached XP level 4. HP: 26/34 MP: 4/4
  1091 | D:2      | Noticed Terence
  1110 | D:2      | Killed Terence
  1110 | D:2      | Reached skill level 4 in Staves
  1159 | D:2      | Reached XP level 5. HP: 29/39 MP: 5/5
  1178 | D:2      | You fall into a shaft and drop 1 floor!
  2097 | D:3      | Noticed Sigmund
  2121 | D:3      | HP: 2/41 [something (3)]
  2122 | D:3      | Slain by Sigmund

Levels and vault maps discovered:
D:1:      elethiomel_arrival_infinity_welcomes_careful_drivers, layout_rooms,
          columned_hall_lemuel
D:2:      layout_basic, uniq_terence
D:3:      layout_loops_corners, lemuel_doored_altar, first_ration,
          minmay_strange_pillars, uniq_sigmund

Skill      XL: |  1  2  3  4  5 |
---------------+----------------+-----
Armour         | 1 2 |  2.0
Staves         | 4 |  4.4
Fighting       | 3 |  3.0
Throwing       | |  2.0
Dodging        | |  3.7

Action                   |  1- 3 |  4- 6 || total
-------------------------+-------+-------++-------
Melee: Quarterstaff      |    92 |   115 ||   207
Throw: Throwing net      |       |     1 ||     1
  Use: Potion            |       |     2 ||     2
 Stab: Sleeping          |     1 |       ||     1
       Held in net/web   |       |     1 ||     1
  Eat: Chunk             |     1 |     3 ||     4
Armor: Leather armour    |    28 |       ||    28
       Ring mail         |    15 |    40 ||    55
Dodge: Dodged            |    76 |    66 ||   142

Table legend:
 A = Non-vault XP
 B = Vault XP
 C = Vault XP percentage of total XP
 D = Non-vault monster count
 E = Vault monster count
 F = Vault count percentage of total count
                 A         B        C        D         E       F
            +---------+---------+-------+---------+---------+-------
      Total |     194 |      36 |  15.7 |      71 |       1 |   1.4
            +---------+---------+-------+---------+---------+-------
        D:1 |      42 |       0 |   0.0 |      24 |       0 |   0.0
        D:2 |     109 |      36 |  24.8 |      32 |       1 |   3.0
        D:3 |      43 |       0 |   0.0 |      15 |       0 |   0.0
            +---------+---------+-------+---------+---------+-------
